 Dungeon Crawl Stone Soup version 0.27-a0-96-gb51a1d6fd6 (webtiles) character file.

Game seed: 16264501150258967392

443 Essalna the Magician (level 6, -4/32 HPs)
             Began as a Deep Elf Air Elementalist on Jan 19, 2021.
             Slain by Duvessa
             ... wielding a +0 short sword of venom
              (12 damage)
             ... on level 4 of the Dungeon.
             The game lasted 00:15:43 (4354 turns).

Essalna the Magician (Deep Elf Air Elementalist)    Turns: 4354, Time: 00:15:44

Health: -4/32      AC:  2    Str:  5    XL:     6   Next: 71%
Magic:  1/17       EV: 13    Int: 22    God:
Gold:   165        SH:  0    Dex: 15    Spells: 11/18 levels left

rFire    . . .     SeeInvis .   d - +3 dagger (drain)
rCold    . . .     Faith    .   (no shield)
rNeg     . . .     Spirit   .   a - +0 robe
rPois    .         Reflect  .   (no helmet)
rElec    .         Harm     .   (no cloak)
rCorr    .         Rampage  .   (no gloves)
Will     .....                  (no boots)
Stlth    ++........             (no amulet)
HPRegen  0.10/turn              (no ring)
MPRegen  0.15/turn              (no ring)

@: lethally poisoned (-4 -> -10), swift, quick
A: no striking features
a: no special abilities


You were on level 4 of the Dungeon.
You visited 1 branch of the dungeon, and saw 4 of its levels.

You collected 165 gold pieces.

Inventory:

Hand Weapons
 d - a +3 dagger of draining (weapon)
 n - a +1 dagger of flaming
Armour
 a - a +0 robe (worn)
 o - a +1 leather armour of fire resistance
Wands
 r - a wand of polymorph (4)
Scrolls
 b - a scroll of enchant weapon
 f - 2 scrolls of identify
 g - a scroll of teleportation
 i - 2 scrolls of fear
 j - a scroll of remove curse {unknown}
 k - a scroll of fog
Potions
 c - a potion of heal wounds
 e - a potion of curing
 h - 2 potions of haste {unknown}
 l - a potion of lignification {unknown}
 p - a potion of invisibility {unknown}
 q - a potion of flight {unknown}
 s - a potion of magic {unknown}


   Skills:
 - Level 2.4 Dodging
 - Level 2.4 Stealth
 + Level 6.6 Spellcasting
 - Level 3.0 Conjurations
 + Level 5.5 Air Magic


You had 11 spell levels left.
You knew the following spells:

 Your Spells              Type           Power        Failure   Level
a - Shock                 Conj/Air       100%         1%          1
b - Swiftness             Air            31%          1%          2
c - Airstrike             Air            15%          9%          4

Your spell library contained the following spells:

 Spells                   Type           Power        Failure   Level
 Static Discharge         Conj/Air       26%          4%          3
 Lightning Bolt           Conj/Air       13%          38%         5


Dungeon Overview and Level Annotations

Branches:
Dungeon (4/15)
 Temple: D:4-7

Altars:
Dithmenos
Fedhas
Gozag
Hepliaklqana
Qazlal

Annotations:
D:3 Grinder
D:4 Duvessa


Message History

You feel quick.
You feel sick. Duvessa barely misses you.
You feel better. Duvessa barely misses you.
Duvessa hits you with a +0 short sword of venom.
You are poisoned.
You feel sick.
Duvessa rages.
You feel sick.
You hear the brisk hiss of a distant avalanche of sand.
Duvessa misses you.
Duvessa hits you with a +0 short sword of venom!
Ouch! That really hurt!
You are lethally poisoned!
There is a stone staircase leading up, spattered with blood here.
You feel better.
Duvessa hits you with a +0 short sword of venom.
You are poisoned.
You feel sick.
Duvessa hits you with a +0 short sword of venom!
* * * LOW HITPOINT WARNING * * *
Duvessa hits you with a +0 short sword of venom!
You die...

##### #..!.
########### #....
#..@......# #....
#...e.....# #....
#.........# #....
#.........# #....
#.........# #..†#
#.........######...#
#...........)......#
#........)##########
#...........#


You could see Duvessa (berserk).

Vanquished Creatures
  Dowan (D:4)
  A howler monkey (D:4)
  A hound (D:4)
  An orc priest (D:4)
  An orc wizard (D:4)
  Natasha (thrice) (D:3)
  A worker ant (D:4)
  4 gnolls (D:2)
  4 adders
  2 oozes
  4 worms
  A dart slug (D:1)
  4 leopard geckos
  7 orcs
  A ball python (D:1)
  2 giant cockroaches (D:2)
  4 goblins
  3 hobgoblins
  2 jackals (D:1)
  8 kobolds
  3 quokkas
  A ball python skeleton (D:4)
  9 bats
  5 frilled lizards
  8 rats
81 creatures vanquished.

Notes
Turn   | Place    | Note
-------+----------+-------------------------------------------
     0 | D:1      | Essalna the Deep Elf Air Elementalist began the quest for
                  | the Orb.
     0 | D:1      | Reached XP level 1. HP: 10/10 MP: 6/6
   163 | D:1      | Reached XP level 2. HP: 15/15 MP: 5/8
  1073 | D:2      | Found a stormy altar of Qazlal.
  1080 | D:2      | Reached XP level 3. HP: 19/19 MP: 8/10
  1487 | D:2      | Found a blossoming altar of Fedhas.
  1529 | D:2      | Reached skill level 4 in Spellcasting
  1657 | D:2      | Reached XP level 4. HP: 24/24 MP: 6/12
  2390 | D:3      | Found a shadowy altar of Dithmenos.
  2816 | D:3      | Reached XP level 5. HP: 28/28 MP: 7/14
  3006 | D:3      | Found a hazy altar of Hepliaklqana.
  3126 | D:3      | Noticed Natasha
  3133 | D:3      | Killed Natasha
  3134 | D:3      | Reached skill level 5 in Spellcasting
  3318 | D:3      | Noticed Natasha
  3321 | D:3      | Killed Natasha
  3412 | D:3      | Noticed Grinder
  3425 | D:3      | Paralysed by Grinder for 2 turns
  3674 | D:3      | Learned a level 2 spell: Swiftness
  3679 | D:3      | Learned a level 4 spell: Airstrike
  3762 | D:3      | Noticed Natasha
  3799 | D:3      | Killed Natasha
  3872 | D:3      | Paralysed by Grinder for 3 turns
  3896 | D:4      | Reached XP level 6. HP: 19/32 MP: 5/16
  3922 | D:4      | Noticed Dowan
  3936 | D:4      | Reached skill level 6 in Spellcasting
  3936 | D:4      | Reached skill level 5 in Air Magic
  4123 | D:4      | Noticed Duvessa
  4134 | D:4      | Found an opulent altar of Gozag.
  4226 | D:4      | Killed Dowan
  4354 | D:4      | Slain by Duvessa

Illustrated notes

Levels and vault maps discovered:
D:1:      giann_horns, layout_basic, minmay_fountain_box
D:2:      layout_basic, nicolae_overflow_hidden_temple, serial_glass,
          glass_columns_a, glass_columns_c, glass_columns_c, glass_columns_b,
          glass_columns_a, glass_columns_b, glass_columns_a, glass_columns_c,
          glass_columns_a, glass_columns_a, lemuel_tele_altar
D:3:      layout_basic, nzn_hepliaklqana_mist_gate, general_overflow_altar,
          minmay_misc_feat_iff, uniq_grinder, uniq_natasha
D:4:      layout_rooms, old_standard_altar, nicolae_ossuary_entry_catacombs,
          uniq_duvessa

Skill      XL: |  1  2  3  4  5  6 |
---------------+-------------------+-----
Conjurations   | 2 3 |  3.0
Spellcasting   | 4 5 6 |  6.6
Air Magic      | 4 5 |  5.5
Dodging        | |  2.4
Stealth        | |  2.4

Action                   |  1- 3 |  4- 6 || total
-------------------------+-------+-------++-------
Melee: Unarmed           |     3 |       ||     3
       Dagger            |    10 |    25 ||    35
 Cast: Shock             |    72 |   115 ||   187
       Airstrike         |       |     6 ||     6
       Swiftness         |       |     2 ||     2
  Use: Scroll            |       |     7 ||     7
       Potion            |       |     3 ||     3
 Stab: Sleeping          |     1 |     2 ||     3
Armor: Robe              |       |    14 ||    14
       Skin              |       |    10 ||    10
Dodge: Dodged            |    13 |    24 ||    37

Table legend: (Time is in decaauts)
 A = Elapsed time spent in this place.
 B = Non-inter-level travel time spent in this place.
 C = Inter-level travel time spent in this place.
 D = Time resting spent in this place.
 E = Time spent auto-exploring this place.
 F = Levels seen in this place.
 G = Mean time per level.
                   A        B        C        D        E       F      G
               +--------+--------+--------+--------+--------+-----+--------+
         Total |   4353 |   3984 |    369 |      0 |   3438 |   4 | 1088.2 |
       Dungeon |   4353 |   3984 |    369 |      0 |   3438 |   4 | 1088.2 |
               +--------+--------+--------+--------+--------+-----+--------+

Top non-repeatable levels by time:
     D:3: 1718 daAuts
     D:2: 1140 daAuts
     D:1: 1072 daAuts
     D:4: 421 daAuts
